 Dungeon Crawl Stone Soup version 0.31.0-4-g52a2dc7128 (webtiles) character file.

Game seed: 12029999715367342053

1 stipulation the Ruffian (level 1, 0/19 HPs)
             Began as a Ghoul Monk on Jan 21, 2024.
             Slain by a ball python (2 damage)
             ... on level 1 of the Dungeon.
             The game lasted 00:00:02 (40 turns).

stipulation the Ruffian (Ghoul Monk)                  Turns: 40, Time: 00:00:03

Health: 0/19       AC:  2    Str: 14    XL:     1   Next: 20%
Magic:  1/1        EV: 12    Int:  9    God:
Gold:   0          SH:  0    Dex: 11    Spells: 0/0 levels left

rFire   . .          .
                       - Unarmed
rCold   + . .        c - orb {light}
rNeg    + + +        a - +0 robe
rPois   ∞            (no helmet)
rElec   .            (no cloak)
rCorr   .            (no gloves)
SInv    .            (no boots)
Will    .....        (no amulet)
Stlth   +            (no ring)
HPRegen 0.00/turn    (no ring)
MPRegen 0.07/turn

%: no passive effects
@: inhibited regen, glowing
A: claws 1, cold resistance 1, negative energy resistance 3, inhibited
regeneration, torment resistance 2, devour on kill
a: no special abilities


You were on level 1 of the Dungeon.
You visited 1 branch of the dungeon, and saw 1 of its levels.

Inventory:

Armour
 a - a +0 robe (worn)
 c - an orb of light (worn)
Scrolls
 d - a scroll of identify {unknown}
Potions
 b - a potion of ambrosia


   Skills:
 - Level 3.2 Fighting
 - Level 2.6 Dodging
 + Level 3.4 Unarmed Combat


You couldn't memorise any spells.
You didn't know any spells.
Your spell library was empty.

Dungeon Overview and Level Annotations

Branches:
Dungeon (1/15)

Altars:


Innate Abilities, Weirdness & Mutations

You are immune to poison.
You have sharp fingernails.
Your flesh is cold resistant. (rC+)
You are immune to negative energy. (rN+++)
You do not regenerate when monsters are visible.
You are immune to unholy pain and torment.
You thrive by killing the living.


Message History

You are too injured to fight recklessly!
You are too injured to fight recklessly!
You are too injured to fight recklessly!
You are too injured to fight recklessly!
You are too injured to fight recklessly!
You are too injured to fight recklessly!
You are too injured to fight recklessly!
You are too injured to fight recklessly!
You are too injured to fight recklessly!
You are too injured to fight recklessly!
You are too injured to fight recklessly!
You are too injured to fight recklessly!
You are too injured to fight recklessly!
You are too injured to fight recklessly!
You are too injured to fight recklessly!
You scratch the goblin but do no damage.
The ball python barely misses you. The ball python constricts you.
The kobold barely misses you. The goblin closely misses you.
You scratch the goblin.
The goblin is heavily wounded.
The ball python bites you. The ball python constricts you.
The kobold hits you but does no damage.
The goblin hits you with a +1 dagger of speed.
The ball python closely misses you. The ball python constricts you.
You scratch the goblin.
You kill the goblin!
The kobold hits you with a +0 dagger.
* * * LOW HITPOINT WARNING * * *
The ball python bites you.
* * * LOW HITPOINT WARNING * * *
The ball python constricts you.
* * * LOW HITPOINT WARNING * * *
You escape the ball python's grasp.
A kobold comes into view. It is wielding a +0 club.
The kobold shouts!
Things that are here:
a +1 dagger of speed; a goblin corpse The ball python attacks as it pursues you!
The ball python bites you.
You die...

......>... ..........
.........# ........#
###......# . ####.
#......# ...
####...###......###..K..
....(~...##...KS@...#
~.≈....#..####.######
~~~.~.###.####.######.
~≈≈~≈~..##..#.........
≈~≈≈≈~~.#.....#######.
.~≈≈~~.########
~≈≈~~...### ≈≈≈~......#
.~...~~~~.#


You could see a ball python and 2 kobolds.

Vanquished Creatures
  A goblin (D:1)
1 creature vanquished.

Notes
Turn   | Place    | Note
-------+----------+-------------------------------------------
     0 | D:1      | stipulation the Ghoul Monk began the quest for the Orb.
     0 | D:1      | Reached XP level 1. HP: 19/19 MP: 1/1
    40 | D:1      | Slain by a ball python

Illustrated notes

Levels and vault maps discovered:
D:1:      dpeg_arrival_subterranean_lakeside_camping, layout_loops_ring,
          shapermc_ecumenical_altar_venn, minmay_split_cup_small

Action                     || total
---------------------------++-------
  Melee: Unarmed           ||     7
 Armour: Robe              ||    10
  Dodge: Dodged            ||    10
